 Dungeon Crawl Stone Soup version 0.22-a0-160-gcc81d7a (webtiles) character file.

7217 theanonym the Basher (level 10, -1/85 HPs)
             Began as a Mummy Chaos Knight on Feb 10, 2018.
             Was an Initiate of Gozag.
             Slain by a minotaur
             ... wielding a +2 demon trident of venom
              (6 damage)
             ... in a labyrinth.
             The game lasted 00:31:10 (12442 turns).

theanonym the Basher (Mummy Chaos Knight)          Turns: 12442, Time: 00:31:11

Health: -1/85      AC: 18    Str: 23    XL:     10   Next: 87%
Magic:  10/10      EV:  5    Int: 12    God:    Gozag
Gold:   712        SH:  8    Dex: 11    Spells: 5/9 levels left

rFire    x . .     SeeInvis .   a - +2 broad axe (flame)
rCold    + . .     Gourm    .   c - +0 buckler
rNeg     + + +     Faith    .   h - +0 plate armour
rPois    ∞         Spirit   .   i - +0 helmet
rElec    .         Reflect  +   d - +0 cloak
rCorr    .         Harm     .   E - +0 pair of gloves
MR       +....                  k - +0 pair of boots
Stlth    ..........             C - +5 amulet of reflection
HPRegen  0.24/turn              D - +4 ring of protection
MPRegen  0.12/turn              H - +4 ring of strength

@: no status effects
A: no food or potions, fire vulnerability, cold resistance 1, negative energy
resistance 3, torment resistance, unbreathing
a: Potion Petition, Call Merchant, Bribe Branch, Renounce Religion


Innate Abilities, Weirdness & Mutations

You do not eat or drink.
Your flesh is vulnerable to fire.
You are immune to poison.
Your flesh is cold resistant. (rC+)
You are immune to negative energy. (rN+++)
You are immune to unholy pain and torment.
You can survive without breathing.


   Skills:
 - Level 10.0 Fighting
 * Level 4.3(8.3) Axes
 - Level 11.0(11.3) Maces & Flails
 - Level 1.5 Armour
 - Level 0.7 Dodging


You had 5 spell levels left.
You knew the following spells:

 Your Spells              Type           Power        Failure   Level  Hunger
e - Lesser Beckoning      Tloc           #.........   100%        3    N/A
q - Apportation           Tloc           #.....       100%        1    N/A

Skill      XL: |  1  2  3  4  5  6  7  8  9 10 |
---------------+-------------------------------+-----
Maces & Flails | 3 4 5 6 8 10 11 | 11.0
Fighting       | 4 5 6 7 9 10 | 10.0
Axes           | 1 4 |  4.3
Armour         | |  1.5
Dodging        | |  0.7

Action                   |  1- 3 |  4- 6 |  7- 9 | 10-12 || total
-------------------------+-------+-------+-------+-------++-------
Melee: Mace              |   115 |   291 |   253 |       ||   659
       Flail             |       |       |   198 |       ||   198
       War axe           |       |       |   133 |    95 ||   228
       Broad axe         |       |       |       |    63 ||    63
Throw: Throwing net      |     1 |     1 |       |     3 ||     5
Invok: Renounce Religion |     1 |       |       |       ||     1
       Potion Petition   |       |       |       |     1 ||     1
Evoke: Wand              |       |       |    17 |    14 ||    31
  Use: Scroll            |     1 |     6 |     6 |     5 ||    18
 Stab: Confused          |       |     2 |     1 |       ||     3
       Paralysed         |       |     4 |    17 |     4 ||    25
       Petrified         |       |       |    13 |       ||    13
       Petrifying        |       |       |     2 |       ||     2
       Invisible         |       |       |       |     2 ||     2
       Held in net/web   |       |       |       |     2 ||     2
Armor: Leather armour    |    51 |    10 |       |       ||    61
       Plate armour      |       |   227 |   454 |    62 ||   743
       Scale mail        |       |    11 |       |       ||    11
Dodge: Dodged            |    71 |    77 |   100 |    40 ||   288
Block: Buckler           |    14 |    39 |   107 |    45 ||   205
       Reflection        |       |       |     2 |       ||     2

Inventory:

Hand Weapons
 a - a +2 broad axe of flaming (weapon)
   (You acquired it on level 10 of the Dungeon)
 r - a +2 flail of protection
   (You took it off Edmund on level 6 of the Dungeon)
 u - a +0 mace of chaos
 F - the +7 war axe of Jeezxomp {chop, rC+ Int+4 Dex+2}
   (You found it on level 8 of the Dungeon)

   It inflicts extra damage upon your enemies.
   It affects your intelligence (+4).
   It affects your dexterity (+2).
   It protects you from cold.
Armour
 c - a +0 buckler (worn)
   (You found it on level 3 of the Dungeon)
 d - a +0 cloak (worn)
   (You found it in a sewer)
 h - a +0 plate armour (worn)
   (You found it on level 3 of the Dungeon)
 i - a +0 helmet (worn)
   (You took it off Robin on level 3 of the Dungeon)
 k - a +0 pair of boots (worn)
   (You found it on level 3 of the Dungeon)
 E - a +0 pair of gloves (worn)
   (You found it on level 9 of the Dungeon)
Jewellery
 g - an uncursed ring of protection from fire
   (You found it on level 2 of the Dungeon)
 j - an uncursed amulet of guardian spirit
   (You found it on level 1 of the Dungeon)
 l - an uncursed ring of magical power
   (You found it on level 3 of the Dungeon)
 s - an uncursed ring of protection from cold
   (You found it on level 6 of the Dungeon)
 x - an uncursed ring of protection from magic
   (You found it on level 7 of the Dungeon)
 z - an uncursed ring of fire
   (You found it on level 10 of the Dungeon)
 C - a +5 amulet of reflection (around neck)
   (You found it on level 7 of the Dungeon)
 D - a +4 ring of protection (left hand)
   (You bought it in a shop on level 6 of the Dungeon)
 H - a +4 ring of strength (right hand)
   (You found it on level 10 of the Dungeon)
Wands
 e - a wand of disintegration (12)
   (You found it on level 4 of the Dungeon)
 m - a wand of paralysis (27)
   (You found it on level 4 of the Dungeon)
 q - a wand of flame (21)
   (You found it on level 6 of the Dungeon)
 A - a wand of polymorph (6)
   (You took it off a crimson imp on level 7 of the Dungeon)
 B - a wand of iceblast (7)
   (You found it on level 7 of the Dungeon)
 J - a wand of scattershot (5)
   (You found it on level 10 of the Dungeon)
Scrolls
 f - 2 scrolls of fog
 n - 5 scrolls of remove curse
 o - 3 scrolls of enchant armour
 p - 3 scrolls of amnesia
 t - 8 scrolls of teleportation {!r}
 w - 2 scrolls of immolation
 y - 4 scrolls of magic mapping
Books
 G - a book of Party Tricks
   (You found it on level 10 of the Dungeon)

   You were in a labyrinth.
   You worshipped Gozag.
   Gozag was pleased with you.
   You were not hungry.
   You visited 3 branches of the dungeon, and saw 12 of its levels.
   You also visited: Labyrinth, Sewer and Ossuary.
   You collected 1234 gold pieces.
   You spent 432 gold pieces at shops.
   You paid 90 gold pieces to Gozag.

Dungeon Overview and Level Annotations

Branches:
Dungeon (10/15)            Temple (1/1) D:6            Lair (1/6) D:10
    Orc: D:9-12

Altars:
Ashenzari
Cheibriados
Dithmenos
Gozag
Hepliaklqana
Kikubaaqudgha
Makhleb
Nemelex Xobeh
Qazlal
Trog
The Shining One

Shops:
D:6 :=*?

Annotations:
D:3 1 exclusion, Blork the orc

# # .. ...#####..
# . ...#..
#8<8#.....# # #. #
. #).:# .#### # .
..# #8.8# ....# #
# .# #÷.)#. .#.# .
. # #8.8#...# ..
#.# ..
#...#..#####.. .
#. #8H8#.........
# .
##..##@##...######
#
#................
#..##...##.####.
.........#..... .
# ##.###.# .## . #
... ......# ..##
###.... .. ...#.
.. .


You could see a minotaur.

Notes
Turn   | Place    | Note
-------+----------+-------------------------------------------
     0 | D:1      | theanonym the Mummy Chaos Knight began the quest for the Orb.
     0 | D:1      | Reached XP level 1. HP: 18/18 MP: 1/1
     0 | D:1      | Fell from the grace of Xom
   177 | D:1      | HP: 8/18 [dart slug/slug dart (3)]
   182 | D:1      | Reached XP level 2. HP: 12/24 MP: 2/2
   771 | D:2      | Reached skill level 3 in Maces & Flails
   810 | D:2      | Reached XP level 3. HP: 17/29 MP: 1/3
   997 | D:2      | XOM: stat loss: -1 Int (10/11)
  1301 | D:2      | Found a stormy altar of Qazlal.
  1818 | D:3      | Noticed Terence
  1843 | D:3      | XOM: summons 4 hostile demons
  1844 | D:3      | Noticed a red devil
  1846 | D:3      | HP: 15/30 [red devil/trident[Xom] (11)]
  1974 | D:3      | XOM: 8-stop teleportation journey
  1986 | D:3      | XOM: enchant monster (bad)
  1987 | D:3      | Reached XP level 4. HP: 27/37 MP: 2/4
  1992 | D:3      | HP: 18/37 [orc/hand axe (5)]
  1995 | D:3      | HP: 7/37 [orc/hand axe (6)]
  2091 | D:3      | XOM: severe Hex miscast
  2302 | D:3      | Killed Terence
  2438 | D:3      | Noticed Blork the orc
  2726 | D:3      | Noticed Robin
  2733 | D:3      | Reached skill level 4 in Maces & Flails
  2739 | D:3      | Reached skill level 4 in Fighting
  2750 | D:3      | Killed Robin
  2817 | D:3      | XOM: mild Chrm miscast
  3311 | D:4      | You fall through a shaft for 2 floors!
  3337 | D:6      | Found Orunk's Book Shoppe.
  3356 | D:6      | Found a glowing drain.
  3362 | D:6      | Reached XP level 5. HP: 41/42 MP: 5/5
  3372 | Sewer    | Entered a sewer
  3906 | D:5      | Entered Level 5 of the Dungeon
  3934 | D:5      | XOM: 3-stop teleportation journey
  3935 | D:5      | Noticed a centaur
  3936 | D:5      | Noticed a sky beast
  3943 | D:5      | Killed a centaur
  3943 | D:5      | Reached XP level 6. HP: 38/49 MP: 6/6
  3962 | D:5      | HP: 22/49 [something (5)]
  3967 | D:5      | Killed a sky beast
  3967 | D:5      | Reached skill level 5 in Maces & Flails
  4027 | D:5      | Found a sand-covered staircase.
  4027 | D:5      | XOM: 2-stop teleportation journey
  4028 | D:5      | Noticed ThereIsNoGod's ghost (novice FoEE)
  4034 | Ossuary  | Entered an ossuary
  4263 | Ossuary  | XOM: noise
  4278 | Ossuary  | Reached skill level 5 in Fighting
  4386 | Ossuary  | Reached XP level 7. HP: 56/56 MP: 7/7
  4446 | Ossuary  | Reached skill level 6 in Maces & Flails
  4853 | D:4      | Found a bloodstained altar of Trog.
  4922 | D:4      | Noticed Ijyb
  4933 | D:4      | Killed Ijyb
  4979 | D:4      | XOM: summons 3 hostile demons
  4980 | D:4      | Noticed an orange demon
  5295 | D:4      | Noticed Natasha
  5299 | D:4      | Killed Natasha
  5447 | D:4      | Noticed Natasha
  5455 | D:4      | Killed Natasha
  5455 | D:4      | Reached skill level 6 in Fighting
  5616 | D:4      | Noticed Natasha
  5621 | D:4      | Killed Natasha
  5684 | D:5      | Reached XP level 8. HP: 61/64 MP: 8/8
  5816 | D:5      | Reached skill level 7 in Maces & Flails
  6074 | D:6      | Found a staircase to the Ecumenical Temple.
  6082 | Temple   | Entered the Ecumenical Temple
  6088 | Temple   | Became a worshipper of Gozag Ym Sagoz the Greedy
  6113 | D:6      | Found Monul's Jewellery Boutique.
  6204 | D:6      | Found Oviuram's General Store.
  6224 | D:6      | Found Riwagidd's Magic Scroll Shoppe.
  6280 | D:6      | XOM: mild Erth miscast
  6288 | D:6      | Found a hazy altar of Hepliaklqana.
  6313 | D:6      | Noticed Edmund
  6338 | D:6      | Killed Edmund
  6569 | D:6      | XOM: medium Tmut miscast
  6641 | D:6      | XOM: summons 4 hostile demons
  7317 | D:7      | Noticed Pikel
  7342 | D:7      | Killed Pikel
  7342 | D:7      | Reached skill level 7 in Fighting
  7342 | D:7      | Reached skill level 8 in Maces & Flails
  7400 | D:7      | XOM: noise
  7404 | D:7      | Reached XP level 9. HP: 69/72 MP: 7/9
  7588 | D:7      | XOM: summons 1 hostile demon
  7686 | D:7      | Found a runed door.
  7731 | D:7      | XOM: mild Chrm miscast
  7848 | D:7      | XOM: mild Erth miscast
  8021 | D:7      | Noticed Crazy Yiuf
  8025 | D:7      | Killed Crazy Yiuf
  8112 | D:8      | HP: 34/72 [wyvern (9)]
  8298 | D:8      | Got a faintly glowing war axe
  8299 | D:8      | Identified the +7 war axe of Jeezxomp {chop, rC+ Int+4 Dex+2} (You found it on level 8 of the Dungeon)
  8363 | D:8      | Reached skill level 1 in Axes
  8464 | D:8      | Reached skill level 8 in Fighting
  8464 | D:8      | Reached skill level 9 in Maces & Flails
  8536 | D:8      | XOM: 4-stop teleportation journey
  8909 | D:6      | Bought a +4 ring of protection for 432 gold pieces
  8911 | D:6      | You fall through a shaft for 2 floors!
  9301 | D:9      | Found a burning altar of Makhleb.
  9408 | D:9      | Found a glowing golden altar of the Shining One.
  9507 | D:9      | Noticed Psyche
  9523 | D:9      | Killed Psyche
 10016 | D:10     | Entered Level 10 of the Dungeon
 10051 | D:10     | Noticed Maurice
 10053 | D:10     | Reached skill level 10 in Maces & Flails
 10059 | D:9      | Paralysed by Maurice for 3 turns
 10068 | D:9      | Killed Maurice
 10068 | D:9      | Reached skill level 9 in Fighting
 10068 | D:9      | Reached XP level 10. HP: 83/83 MP: 10/10
 10318 | D:10     | XOM: 2-stop teleportation journey
 10365 | D:10     | Learned a level 1 spell: Apportation
 10369 | D:10     | Learned a level 3 spell: Lesser Beckoning
 10373 | D:10     | Found a staircase to the Lair.
 10471 | D:10     | XOM: noise
 10782 | D:10     | Reached skill level 11 in Maces & Flails
 10815 | D:10     | XOM: severe Necr miscast
 10816 | D:10     | Noticed a soul eater
 10831 | D:10     | HP: 36/84 [soul eater[the severe capriciousness of Xom] (11)]
 11172 | D:10     | Identified a scroll of acquirement
 11479 | D:5      | Reached skill level 2 in Axes
 11485 | D:5      | Found a shadowy altar of Dithmenos.
 11560 | D:5      | XOM: mild Necr miscast
 11630 | D:5      | HP: 33/85 [ThereIsNoGod's ghost/stone arrow (20)]
 11635 | D:5      | HP: 9/85 [ThereIsNoGod's ghost/stone arrow (25)]
 11639 | D:5      | Killed ThereIsNoGod's ghost
 11639 | D:5      | Reached skill level 3 in Axes
 11975 | D:5      | Reached skill level 10 in Fighting
 12050 | D:5      | XOM: summons 1 hostile shadow creature
 12255 | Lair:1   | Entered Level 1 of the Lair of Beasts
 12297 | Lair:1   | Noticed a spiny frog
 12310 | Lair:1   | Killed a spiny frog
 12310 | Lair:1   | Reached skill level 4 in Axes
 12318 | Lair:1   | Found a labyrinth entrance.
 12327 | Lab      | Entered a labyrinth
 12436 | Lab      | Noticed a minotaur
 12441 | Lab      | HP: 38/85 [minotaur/demon trident of venom (23)]
 12441 | Lab      | HP: 15/85 [minotaur/demon trident of venom (23)]
 12441 | Lab      | HP: 4/85 [minotaur/demon trident of venom (11)]
 12442 | Lab      | Slain by a minotaur

Vanquished Creatures
  The ghost of ThereIsNoGod the Geomancer, a novice FoEE (D:5)
  Pikel (D:7)
  Maurice (D:9)
  Psyche (D:9)
  A spiny frog (Lair:1)
  2 trolls (D:10)
  5 yaks (D:10)
  A wyvern (D:8)
  A hungry ghost (Lab)
  Edmund (D:6)
  A soldier ant (D:10)
  A porcupine (Lair:1)
  2 orc warriors (D:10)
  3 slaves (D:7)
  A hornet zombie (D:5)
  An ice beast (D:8)
  3 sky beasts
  8 ogres
  A phantom (D:10)
  A centaur (D:5)
  4 crocodiles
  3 bullfrogs
  A wyvern zombie (D:9)
  A scorpion (D:5)
  4 water moccasin zombies (Ossuary)
  A howler monkey (D:4)
  A bullfrog zombie (D:5)
  4 crimson imps
  4 hounds
  3 jellies
  A bullfrog skeleton (D:4)
  A centaur zombie (D:8)
  2 orc priests
  Crazy Yiuf (D:7)
  6 orc wizards
  Ijyb (D:4)
  Natasha (thrice) (D:4)
  Terence (D:3)
  3 worker ants
  2 big kobold zombies (Ossuary)
  2 hound zombies (D:5)
  A hound skeleton (D:5)
  2 mummies (Ossuary)
  Robin (D:3)
  A howler monkey zombie (D:5)
  9 adders
  3 river rats (Sewer)
  3 shadow imps
  3 adder zombies (Ossuary)
  2 worms
  3 dart slugs
  2 leopard geckos
  18 orcs
  6 ball pythons
  5 bats
  4 giant cockroaches
  14 goblins
  6 hobgoblins
  25 jackals
  2 quokkas
  9 frilled lizards
  3 gnoll zombies (Ossuary)
  4 hobgoblin zombies (Ossuary)
  2 kobolds (D:3)
  4 kobold zombies (Ossuary)
  A leopard gecko zombie (D:5)
  5 orc zombies (Ossuary)
  A quokka skeleton (D:7)
  9 rats
234 creatures vanquished.

Vanquished Creatures (collateral kills)
  A hobgoblin (D:3)
1 creature vanquished.

Vanquished Creatures (others)
  A big kobold zombie (Ossuary)
  4 plants (D:10)
5 creatures vanquished.

Grand Total: 240 creatures vanquished

Table legend:
 A = Turns spent in this place as a percentage of turns spent in the entire game.
 B = Non-inter-level travel turns spent in this place as a percentage of non-inter-level travel turns spent in the entire game.
 C = Inter-level travel turns spent in this place as a percentage of turns spent in this place.
 D = Turns resting spent in this place as a percentage of non-inter-level travel turns spent in this place.
 E = Turns spent auto-exploring this place as a percentage of non-inter-level travel turns spent in this place.
 F = Non-inter-level travel turns spent in this place divided by the number of levels of this place that you've seen.
                   A       B       C       D       E      F
               +-------+-------+-------+-------+-------+----------------------
         Total | 100.0 | 100.0 |   6.0 |  27.5 |  51.6 | 779.9
       Dungeon |  91.2 |  90.9 |   6.3 |  28.1 |  54.0 | 1063.0
        Temple |   0.1 |   0.1 |  38.5 |   0.0 |   0.0 |   8.0
          Lair |   0.6 |   0.4 |  38.9 |   0.0 |   0.0 |  44.0
     Labyrinth |   0.9 |   1.0 |   0.0 |   0.0 |   0.0 | 115.0
         Sewer |   3.6 |   3.8 |   0.0 |   9.6 |  53.3 | 448.0
       Ossuary |   3.6 |   3.9 |   0.0 |  40.2 |  12.4 | 453.0
               +-------+-------+-------+-------+-------+----------------------
